 Dungeon Crawl Stone Soup version 0.29.0-11-gd7f09526c8 (webtiles) character file.

Game seed: 13334688653636759884

94 Arcadio the Sneak (level 4, -2/36 HPs)
             Began as a Naga Ice Elementalist on Sept 2, 2022.
             Killed from afar by Grinder (10 damage)
             ... with a puff of flame
             ... on level 3 of the Dungeon.
             The game lasted 00:05:08 (3765 turns).

Arcadio the Sneak (Naga Ice Elementalist)           Turns: 3765, Time: 00:05:08

Health: -2/36      AC:  9    Str: 10    XL:     4   Next: 63%
Magic:  1/8        EV:  9    Int: 18    God:
Gold:   166        SH:  0    Dex: 11    Spells: 2/9 levels left

rFire   . . .      SeeInvis +   m - +0 dagger
rCold   . . .      Faith    .   (no shield)
rNeg    . . .      Spirit   .   a - +0 robe
rPois   +          Reflect  .   h - +0 helmet
rElec   .          Harm     .   (no cloak)
rCorr   .          Rampage  .   (no gloves)
Will    .....                   (no barding)
Stlth   +++.......              (no amulet)
HPRegen 0.12/turn               (no ring)
MPRegen 0.11/turn               (no ring)

@: ice-armoured, very slow
A: AC +1, large, see invisible, deformed body, poison resistance, slowness 2,
spit poison 1, naga tail 1
a: Spit Poison


You were on level 3 of the Dungeon.
You visited 1 branch of the dungeon, and saw 3 of its levels.

You collected 166 gold pieces.

Inventory:

Hand Weapons
 c - a +0 war axe
 f - a +0 club
 m - a +0 dagger (weapon)
Armour
 a - a +0 robe (worn)
 g - a +0 leather armour
 h - a +0 helmet (worn)
Scrolls
 d - a scroll of amnesia {unknown}
 e - 3 scrolls of identify {unknown}
 j - 2 scrolls of brand weapon {unknown}
 k - 3 scrolls of blinking {unknown}
 n - 2 scrolls of fear {unknown}
Potions
 b - a potion of magic
 i - 2 potions of invisibility {unknown}
 l - a potion of curing {unknown}
 o - a potion of berserk rage {unknown}


   Skills:
 - Level 1.5 Dodging
 + Level 4.7 Stealth
 + Level 3.0 Spellcasting
 + Level 4.7 Ice Magic


You had 2 spell levels left.
You knew the following spells:

 Your Spells              Type           Power      Damage    Failure   Level
a - Freeze                Ice            76%        1d9       2%          1
b - Frozen Ramparts       Ice            38%        1d6       7%          3
c - Ozocubu's Armour      Ice            19%        N/A       7%          3

Your spell library contained the following spells:

 Spells                   Type           Power      Damage    Failure   Level
 Hailstorm                Conj/Ice       11%        3d5       52%         4


Dungeon Overview and Level Annotations

Branches:
Dungeon (3/15) Zot: 13506

Altars:

Shops:
D:2 *

Annotations:
D:3 Grinder


Innate Abilities, Weirdness & Mutations

Your serpentine skin is tough. (AC +1)
You have supernaturally acute eyesight. (SInv)
Armour fits poorly on your strangely shaped body.
Your system is resistant to poisons. (rPois)
You cover ground very slowly.
You can spit poison.
You have a snake-like lower body.


Message History

Aim: Grinder, carrying a wand of flame (4) (54% to hit)
The splash of poison misses Grinder.
Grinder resists.
The wall freezes Grinder.
Okay, then.
Grinder completely resists.
The wall freezes Grinder but does no damage.
You barely miss Grinder.
Grinder is lightly wounded.
Grinder completely resists.
The wall freezes Grinder but does no damage.
Grinder zaps a wand.
The puff of flame hits you. The heat melts your icy armour.
You hit Grinder but do no damage.
Grinder is lightly wounded.
Grinder completely resists.
The wall freezes Grinder but does no damage.
Grinder hits you.
You writhe in agony.
Casting: Frozen Ramparts (dangerous; 7% risk of failure)
Confirm with . or Enter, or press ? or * to list all spells.
Aiming: Freeze (safe; 2% risk of failure)
Press: ? - help, Shift-Dir - straight line, f/p - Grinder
Aim: Grinder, carrying a wand of flame (3) (lightly wounded)
You freeze Grinder.
Grinder resists.
Grinder is lightly wounded.
You have got your breath back.
Grinder completely resists.
The wall freezes Grinder but does no damage.
Grinder hits you.
You writhe in agony.
* * * LOW HITPOINT WARNING * * *
Casting: Freeze (safe; 2% risk of failure)
Confirm with . or Enter, or press ? or * to list all spells.
Aiming: Freeze (safe; 2% risk of failure)
Press: ? - help, Shift-Dir - straight line, f/p - Grinder
Aim: Grinder, carrying a wand of flame (3) (lightly wounded)
You freeze Grinder.
Grinder resists.
Grinder is lightly wounded.
The frozen ramparts melt away.
Grinder says, "Don't move a muscle."
Grinder zaps a wand.
The puff of flame hits you!
You die...

#### #... #... #... ####
#...## ########..######
#....###.........##....
##.....#..#####...†..###
##.....†@.## #.#.######
##..#.##5#### #.#......#
......##)...# ##.#†......
>..g........# ##..........
.........#.......#........
.........##...............
......>... .#####.........
........... # ##........
P.P......[.. #####........


You could see Grinder.

Vanquished Creatures
  A gnoll (D:1)
  2 adders
  A worm (D:3)
  A dart slug (D:1)
  3 bats
  6 endoplasms
  2 giant cockroaches (D:1)
  7 goblins
  8 hobgoblins
  5 quokkas
  8 ball pythons
  A frilled lizard (D:1)
  5 kobolds
  6 rats
56 creatures vanquished.

Notes
Turn   | Place    | Note
-------+----------+-------------------------------------------
     0 | D:1      | Arcadio the Naga Ice Elementalist began the quest for the
                  | Orb.
     0 | D:1      | Reached XP level 1. HP: 15/15 MP: 3/3
    79 | D:1      | Found a faded altar of an unknown god.
   118 | D:1      | Reached XP level 2. HP: 14/22 MP: 0/5
   786 | D:1      | Reached XP level 3. HP: 10/28 MP: 2/6
  1073 | D:1      | Learned a level 3 spell: Frozen Ramparts
  1083 | D:1      | Learned a level 3 spell: Ozocubu's Armour
  2657 | D:2      | Found Giron's General Store.
  2661 | D:2      | Reached XP level 4. HP: 36/36 MP: 6/8
  3750 | D:3      | Noticed Grinder
  3765 | D:3      | Killed from afar by Grinder

Illustrated notes

Levels and vault maps discovered:
D:1:      elethiomel_arrival_maze, layout_basic,
          hellmonk_ecumenical_altar_blasted, chequers_garden,
          minmay_pentomino_u2
D:2:      layout_loops_ring, serial_shops, shop
D:3:      layout_rooms, minmay_hedge_maze, uniq_grinder

Skill      XL: |  1  2  3  4 |
---------------+-------------+-----
Stealth        | 4 |  4.7
Spellcasting   | 3 |  3.0
Dodging        | |  1.5
Ice Magic      | |  4.7

Action                   |  1- 3 |  4- 6 || total
-------------------------+-------+-------++-------
Melee: War axe           |    67 |       ||    67
       Dagger            |     2 |    29 ||    31
       Punch             |       |     1 ||     1
 Cast: Freeze            |    17 |    13 ||    30
       Ozocubu's Armour  |       |     1 ||     1
       Frozen Ramparts   |       |     1 ||     1
 Abil: Spit Poison       |     3 |     4 ||     7
 Stab: Sleeping          |     9 |     3 ||    12
Armor: Robe              |    36 |    17 ||    53
Dodge: Dodged            |    45 |    19 ||    64
